 Dungeon Sprint DCSS version 0.13-a0-2859-gb62c5ab (webtiles) character file.

1230 Misa the Unseen (level 7, 0/48 HPs)
             Began as a Spriggan Enchanter on Aug 28, 2013.
             Slain by a baby alligator (17 damage)
             ... in the Dungeon (Sprint II: "The Violet Keep of Menkaure").
             The game lasted 00:02:26 (135 turns).

Misa the Unseen (Spriggan Enchanter)                 Turns: 135, Time: 00:02:26

HP   0/48        AC  3     Str  9      XL: 7   Next: 43%
MP  18/18        EV 18     Int 16      God:
Gold 506         SH  0     Dex 19      Spells:  1 memorised,  7 levels left

Res.Fire  : . . .   See Invis. : +   a - +1 dagger (curse) {=f}
Res.Cold  : . . .   Warding    : .   b - +1 robe
Life Prot.: . . .   Conserve   : .   (shield restricted)
Res.Poison: .       Res.Corr.  : .   (helmet restricted)
Res.Elec. : .       Clarity    : .   (no cloak)
Sust.Abil.: . .     Spirit.Shd : .   (gloves unavailable)
Res.Mut.  : .       Prev.Telep.: +   (boots unavailable)
Res.Rott. : .       Flight     : .   (no amulet)
Saprovore : . . .                    (no ring)
                                     (no ring)

@: berserking (expiring), very quick, somewhat resistant to hostile
enchantments, extremely unstealthy
A: unfitting armour, see invisible, herbivore 3, speed 3, slow metabolism 2
a: no special abilities


You were in the Dungeon.
You were not hungry.

You visited 1 branch You collected 486 gold pieces.

Inventory:

Hand weapons
 a - a cursed +1,+1 dagger (weapon) {=f}
Missiles
 d - 12 darts (quivered)
Armour
 b - a +1 robe (worn)
Scrolls
 k - a scroll of blinking
Potions
 e - a potion of porridge
 f - a potion of curing
 g - a potion of heal wounds
 h - a potion of speed
 i - 2 potions of magic
Books
 c - a book of Maledictions

   Spells                             Type                      Level
   *Corona                            Hexes                        1
   Sure Blade                         Hexes/Charms                 2
   Ensorcelled Hibernation            Hexes/Ice                    2
   Confuse                            Hexes                        3
   Enslavement                        Hexes                        4
   Invisibility                       Hexes                        6


   Skills:
 + Level 12.3 Short Blades
 - Level 1.1 Throwing
 - Level 3.0 Dodging
 + Level 16.7 Stealth
 - Level 1.3 Spellcasting
 - Level 3.6 Hexes


You had 7 spell levels left.
You knew the following spells:

 Your Spells              Type           Power        Failure   Level  Hunger
a - Corona                Hex            ##.....      8%          1    ##.....


Dungeon Overview and Level Annotations

Branches:
Dungeon (1/1)

Altars:
Cheibriados
Elyvilon
Fedhas
Kikubaaqudgha
Okawaru
Sif Muna
Trog
Xom
Zin
Beogh

Shops:
D ?/


Innate Abilities, Weirdness & Mutations

You are tiny and cannot use many weapons and most armour.
You have supernaturally acute eyesight.
You are a herbivore.
You cover ground extremely quickly.
You need consume almost no food.


Message History

You slash the crocodile!
The crocodile is severely wounded.
You hit the crocodile.
The crocodile is almost dead.
The crocodile barely misses you.
You hit the crocodile.
The crocodile is almost dead.
You slash the crocodile!
You kill the crocodile!
You see here a crocodile corpse.
You feel a strong urge to attack something.
The baby alligator bites you.
You slash the baby alligator!
The baby alligator is moderately wounded.
You hit the baby alligator.
The baby alligator is moderately wounded.
You closely miss the baby alligator.
The baby alligator is moderately wounded.
The baby alligator bites you!
You die...

§§§z§§.##≈...### §§zz§
e≈.....# ++#+++## #...(#
.......# +..(.# ##'##..#
####.# #.#.##.#### +.###
..#%%#....# #...#
##%#####..## ##^t#
##+###%##..# +.@#
##B##.#.#..# #.%#
'<<<'##.+..####^.###
##.###%.#....###...#####
##+###%##......≈≈≈≈≈≈≈≈≈≈
#j#.####≈≈.....≈#+######
j.##%#≈≈≈≈≈≈≈..§#_._....
#. ##≈≈§§≈≈≈≈.§#._._...
## #≈≈≈§≈§§≈≈≈≈#_._._.


You could see a baby alligator.

Vanquished Creatures
  A boulder beetle (D)
  Menkaure (D)
  A crocodile (D)
  4 brain worms (D)
  An agate snail (D)
  4 giant centipedes (D)
12 creatures vanquished.

Notes
Turn   | Place    | Note
--------------------------------------------------------------
     0 | D        | Misa, the Spriggan Enchanter, began the quest for the Orb.
     0 | D        | Reached XP level 1. HP: 9/9 MP: 4/4
     4 | D        | Reached skill level 5 in Stealth
     5 | D        | Reached skill level 6 in Stealth
     5 | D        | Reached XP level 2. HP: 13/13 MP: 6/6
    22 | D        | Reached skill level 7 in Stealth
    22 | D        | Reached XP level 3. HP: 16/16 MP: 9/9
    28 | D        | Noticed a brain worm
    31 | D        | Killed a brain worm
    31 | D        | Reached skill level 10 in Stealth
    31 | D        | Reached XP level 4. HP: 21/21 MP: 11/11
    32 | D        | Noticed a brain worm
    33 | D        | Killed a brain worm
    33 | D        | Reached skill level 11 in Stealth
    33 | D        | Reached XP level 5. HP: 24/24 MP: 13/13
    34 | D        | Noticed a brain worm
    34 | D        | Noticed a brain worm
    36 | D        | Killed a brain worm
    36 | D        | Reached skill level 13 in Stealth
    38 | D        | Killed a brain worm
    38 | D        | Reached skill level 10 in Short Blades
    38 | D        | Reached XP level 6. HP: 28/28 MP: 16/16
    47 | D        | Noticed an agate snail
    47 | D        | Noticed an agate snail
    47 | D        | Noticed an agate snail
    50 | D        | Killed an agate snail
    50 | D        | Reached skill level 14 in Stealth
    55 | D        | Noticed a boulder beetle
    55 | D        | Noticed a boulder beetle
    60 | D        | Killed a boulder beetle
    60 | D        | Reached skill level 15 in Stealth
    60 | D        | Reached XP level 7. HP: 32/32 MP: 18/18
    69 | D        | Noticed a flying skull
    69 | D        | Noticed a flying skull
    78 | D        | Noticed a flying skull
    78 | D        | Noticed a flying skull
    78 | D        | Noticed a flying skull
    79 | D        | Noticed a flying skull
    79 | D        | Noticed a flying skull
    79 | D        | Noticed a flying skull
    79 | D        | Noticed a flying skull
    79 | D        | Noticed Menkaure
    84 | D        | Noticed a flying skull
    85 | D        | Found Bleerael's Magic Scroll Shoppe.
    85 | D        | Noticed a flying skull
    86 | D        | Noticed a flying skull
    86 | D        | Found Usykofog's Magical Wand Emporium.
    87 | D        | Killed Menkaure
    87 | D        | Reached skill level 16 in Stealth
    98 | D        | Found a bloodstained altar of Trog.
    99 | D        | Found a glowing silver altar of Zin.
    99 | D        | Found a roughly hewn altar of Beogh.
   101 | D        | Found a deep blue altar of Sif Muna.
   101 | D        | Found a snail-covered altar of Cheibriados.
   101 | D        | Found a blossoming altar of Fedhas.
   102 | D        | Found an ancient bone altar of Kikubaaqudgha.
   103 | D        | Found an iron altar of Okawaru.
   103 | D        | Found a shimmering altar of Xom.
   103 | D        | Found a white marble altar of Elyvilon.
   105 | D        | Noticed a crocodile
   107 | D        | Noticed a baby alligator
   113 | D        | Noticed a deep elf master archer
   130 | D        | Killed a crocodile
   135 | D        | Slain by a baby alligator

Action                   |  1- 3 |  4- 6 |  7- 9 || total
-------------------------+-------+-------+-------++-------
Melee: Dagger            |    19 |     5 |    13 ||    37
  Use: Potion            |       |       |     1 ||     1
 Stab: Sleeping          |     4 |     5 |     1 ||    10
